 Dungeon Crawl Stone Soup version 0.30.0-10-gfe55d96785 (webtiles) character file.

Game seed: 5955004776100772331

122 voltaire321 the Stinger (level 4, -7/32 HPs)
             Began as a Demonspawn Venom Mage on May 15, 2023.
             Mangled by an orc
             ... wielding a +2 trident of venom
              (8 damage)
             ... on level 3 of the Dungeon.
             The game lasted 00:07:31 (2476 turns).

voltaire321 the Stinger (Demonspawn Venom Mage)     Turns: 2476, Time: 00:07:32

Health: -7/32      AC:  2    Str: 13    XL:     4   Next: 78%
Magic:  7/7        EV: 12    Int: 18    God:
Gold:   52         SH:  0    Dex: 17    Spells: 7/8 levels left

rFire   + . .        l - +7 battleaxe of Ignis's Supremacy {heavy, rF+ Str+3 Dex+3 Stlth+}
rCold   . . .        (shield currently unavailable)
rNeg    . . .        a - +0 robe
rPois   +            (no helmet)
rElec   .            (no cloak)
rCorr   .            (no gloves)
SInv    .            (no boots)
Will    .....        (no amulet)
Stlth   +++          q - ring of poison resistance
HPRegen 0.25/turn    (no ring)
MPRegen 0.10/turn

%: no passive effects
@: no status effects
A: big brain 1, demonic magic 1
a: no special abilities


You were on level 3 of the Dungeon.
You visited 1 branch of the dungeon, and saw 3 of its levels.

You collected 122 gold pieces.
You spent 70 gold pieces at shops.

Inventory:

Hand Weapons
 e - a +0 hand axe
 k - a +0 short sword
 l - the +7 battleaxe of Ignis's Supremacy (weapon) {heavy, rF+ Str+3 Dex+3 Stlth+}
   (You found it on level 3 of the Dungeon)

   Str:       It affects your strength (+3).
   Dex:       It affects your dexterity (+3).
   rF:        It protects you from fire.
   Stlth:     It makes you more stealthy.
Armour
 a - a +0 robe (worn)
Magical Staves
 g - a staff of conjuration
Jewellery
 q - a ring of poison resistance (left hand)
 s - a +5 ring of evasion
Scrolls
 d - a scroll of blinking {unknown}
 f - 2 scrolls of noise {unknown}
 h - a scroll of enchant weapon {unknown}
 j - a scroll of teleportation {unknown}
 n - a scroll of fear {unknown}
 o - a scroll of immolation {unknown}
 r - a scroll of summoning {unknown}
Potions
 b - 2 potions of magic
 c - 2 potions of haste {unknown}
 i - a potion of ambrosia
 m - a potion of mutation
 p - a potion of curing


   Skills:
 + Level 1.5 Fighting
 - Level 0.5 Short Blades
 * Level 0.0 Axes
 + Level 1.2 Armour
 + Level 2.3 Dodging
 + Level 2.3 Stealth
 + Level 2.6 Spellcasting
 + Level 1.5 Transmutations
 + Level 3.3 Poison Magic


You had 7 spell levels left.
You knew the following spells:

 Your Spells              Type           Power      Damage    Failure   Level
a - Sting                 Tmut/Pois      44%        1d5       6%          1

Your spell library contained the following spells:

 Spells                   Type           Power      Damage    Failure   Level
 Poisonous Vapours        Pois/Air       16%        N/A       13%         2
 Freeze                   Ice            8%         1d3       17%         1
 Mephitic Cloud           Conj/Pois/Air  6%         N/A       32%         3
 Olgreb's Toxic Radiance  Pois           14%        N/A       41%         4
 Call Canine Familiar     Summ           2%         N/A       45%         3
 Frozen Ramparts          Ice            4%         1d1       45%         3
 Hailstorm                Conj/Ice       2%         3d3       45%         3
 Portal Projectile        Hex/Tloc       4%         N/A       45%         3
 Tukima's Dance           Hex            2%         N/A       45%         3
 Ice Form                 Ice/Tmut       5%         N/A       77%         4
 Leda's Liquefaction      Hex/Erth       1%         N/A       86%         4
 Summon Ice Beast         Ice/Summ       2%         N/A       86%         4
 Blade Hands              Tmut           3%         N/A       94%         5


Dungeon Overview and Level Annotations

Branches:
Dungeon (3/15)

Altars:

Shops:
D:2 *

Annotations:
D:3 1 runed translucent door, Grinder


Innate Abilities, Weirdness & Mutations

You have an unusually large brain. (Int +2)
Spells you cast may paralyse adjacent enemies.


Message History

An orc wizard comes into view. It is wielding a +0 dagger.
An endoplasm comes into view.
The endoplasm quivers.
The endoplasm barely misses you.
You slash the endoplasm!
You kill the endoplasm!
An orc wizard and an orc come into view.
An orc comes into view. It is wielding a +2 trident of venom.
The orc shouts!
The orc wizard shouts!
The orc shouts!
You barely miss the orc wizard.
The orc wizard hits you but does no damage.
The orc wizard casts a spell at you. You resist with some effort.
The orc wizard hits you with a +0 dagger.
The orc hits you from afar with a +2 trident of venom!
You closely miss the orc wizard.
The orc wizard hits you with a +0 dagger.
The orc hits you from afar with a +2 trident of venom.
The orc barely misses you. The orc wizard casts a spell at you.
The puff of flame hits you. You resist.
You barely miss the orc wizard.
The orc wizard hits you but does no damage.
The orc hits you from afar with a +2 trident of venom.
The orc closely misses you.
The orc wizard hits you with a +0 dagger.
The orc wizard barely misses you. The orc closely misses you.
You hit the orc wizard.
The orc wizard is lightly wounded.
The orc barely misses you. x2
The orc wizard splashes around in the water.
You slice the orc!!
You kill the orc!
You hit the orc wizard.
The orc hits you from afar with a +2 trident of venom.
* * * LOW HITPOINT WARNING * * *
The orc wizard hits you with a +0 dagger.
* * * LOW HITPOINT WARNING * * *
The orc hits you from afar with a +2 trident of venom!
You die...

##########
##..~~8~~.###
#....~~o....#
#..o)@..#.#
#...###...##### ###
#.#.....####
######..........#
#.......#.##.##.#
#.......#.##....#
#.......#.#####.#
#.......#.#####.####
#.......#..........#


You could see an orc wizard and an orc.

Vanquished Creatures
  Natasha (D:2)
  3 adders (D:2)
  A worm (D:2)
  3 dart slugs
  An orc (D:3)
  4 endoplasms
  2 giant cockroaches
  A goblin (D:3)
  8 hobgoblins
  9 jackals
  3 quokkas
  6 ball pythons
  4 bats
  6 frilled lizards
  5 kobolds
  3 rats
60 creatures vanquished.

Notes
Turn   | Place    | Note
-------+----------+-------------------------------------------
     0 | D:1      | voltaire321 the Demonspawn Venom Mage began the quest for
                  | the Orb.
     0 | D:1      | Reached XP level 1. HP: 13/13 MP: 3/3
   150 | D:1      | Found a faded altar of an unknown god.
   157 | D:1      | Reached skill level 1 in Transmutations
   239 | D:1      | Gained mutation: Spells you cast may paralyse adjacent
                  | enemies. [demonic ancestry]
   239 | D:1      | Reached XP level 2. HP: 20/20 MP: 3/5
   793 | D:2      | Reached XP level 3. HP: 24/25 MP: 1/6
   923 | D:2      | Reached skill level 1 in Fighting
   930 | D:2      | Reached skill level 1 in Armour
  1429 | D:2      | Gained mutation: You have an unusually large brain. (Int
                  | +2) [demonic ancestry]
  1429 | D:2      | Reached XP level 4. HP: 29/32 MP: 4/7
  1581 | D:2      | Found Xifik's General Store.
  1595 | D:2      | Bought a potion of curing for 42 gold pieces
  1595 | D:2      | Bought a scroll of identify for 28 gold pieces
  1801 | D:2      | Noticed Natasha
  1814 | D:2      | Killed Natasha
  2167 | D:3      | Found a runed translucent door.
  2372 | D:3      | Noticed Grinder
  2394 | D:3      | Identified the +7 battleaxe of Ignis's Supremacy {heavy,
                  | rF+ Str+3 Dex+3 Stlth+}
  2476 | D:3      | HP: 1/32 [orc wizard/+0 dagger (4)]
  2476 | D:3      | Mangled by an orc

Illustrated notes

Levels and vault maps discovered:
D:1:      dpeg_arrival_stone_temple_mockup, layout_basic,
          hellmonk_ecumenical_altar_run_dry, minmay_pentomino_p4
D:2:      minmay_recursive_quarters, layout_loops_corners, serial_shops,
          nicolae_shop_crystal, uniq_natasha
D:3:      layout_loops_cross, ebering_ghost_reflecting_pool, moated_statue,
          uniq_grinder

Skill      XL: |  1  2  3 |
---------------+----------+-----
Transmutations | 1 |  1.5
Dodging        | 2 |  2.3
Stealth        | 2 |  2.3
Fighting       | 1 |  1.5
Armour         | 1 |  1.2
Short Blades   | |  0.5
Spellcasting   | |  2.6
Poison Magic   | |  3.3

Action                     |  1- 3 |  4- 6 || total
---------------------------+-------+-------++-------
  Melee: Hand axe          |    48 |       ||    48
         Short sword       |    29 |    34 ||    63
         Punch             |     1 |     1 ||     2
         Battleaxe         |       |     7 ||     7
   Cast: Sting             |    41 |    14 ||    55
    Use: Scroll            |       |     3 ||     3
   Stab: Sleeping          |     3 |     3 ||     6
         Paralysed         |    12 |     4 ||    16
 Armour: Robe              |     9 |     7 ||    16
  Dodge: Dodged            |    45 |    32 ||    77
